 Dungeon Crawl Stone Soup version 0.29-a0-923-g6e406bff71 (webtiles) character file.

Game seed: 17262674674020827771

534815 porpoise the Warrior (level 24, -9/224 HPs)
             Began as a Demonspawn Gladiator on July 26, 2022.
             Was a Believer of Yredelemnul.
             Hit by a large rock thrown by Parghit (33 damage)
             ... on level 1 of the Realm of Zot on July 27, 2022.
             The game lasted 06:46:29 (63407 turns).

porpoise the Warrior (Demonspawn Gladiator)        Turns: 63407, Time: 06:46:30

Health: -9/224     AC: 27    Str: 31    XL:     24   Next: 54%
Magic:  36/36      EV: 31    Int: 29    God:    Yredelemnul [**....]
Gold:   5554       SH:  0    Dex: 28    Spells: 11/41 levels left

rFire   + . .      SeeInvis .   a - +7 demon trident (flame)
rCold   + + .      Faith    +   (no shield)
rNeg    . . .      Spirit   .   x - +4 ring mail of the Hidden Vale {Fly rC+}
rPois   +          Reflect  .   G - +2 hat of True Grit {rElec rPois Str+10 Int-2}
rElec   +          Harm     .   Y - +3 cloak of Noac {rC+ Will+ Int+3 Dex+2}
rCorr   +          Rampage  .   (gloves unavailable)
Will    ++...                   I - +0 pair of boots of the Hundredfold Dances {Int+9 Dex-4}
Stlth   ..........              J - amulet "Loaxax" {Faith rElec}
HPRegen 0.47/turn               g - ring of Bodily Harmony {Int+4 Dex+6 Stlth-}
MPRegen 0.25/turn               V - ring of the Prince {rPois rCorr Str+6 Dex+3 Stlth-}

@: agile, sanguine armoured, flying
A: powered by death 3, powered by pain 3, augmentation 1, sanguine armour 2,
demonic touch 3, agile 1, deformed body, fire resistance 1, robust 1,
electricity resistance, weak 1
}: 3/15 runes: serpentine, barnacled, silver
a: Renounce Religion, Recall Undead Harvest, Dark Bargain


You were on level 1 of the Realm of Zot.
You worshipped Yredelemnul.
Yredelemnul was pleased with you.
You visited 10 branches of the dungeon, and saw 44 of its levels.
You visited the Abyss 1 time.
You also visited: Ossuary and Bailey.

You collected 8923 gold pieces.
You spent 3369 gold pieces at shops.

Inventory:

Hand Weapons
 a - a +7 demon trident of flaming (weapon)
 b - the +7 shortbow "Ureshuy" {speed, Fly}
   (You found it on level 3 of the Elven Halls)

   Attacks with this weapon are significantly faster.
   Fly:       It grants you flight.
Armour
 x - the +4 ring mail of the Hidden Vale (worn) {Fly rC+}
   (You bought it in a shop on level 2 of the Orcish Mines)

   rC:        It protects you from cold.
   Fly:       It grants you flight.
 G - the +2 hat of True Grit (worn) {rElec rPois Str+10 Int-2}
   (You acquired it on level 4 of the Lair of Beasts)

   Str:       It affects your strength (+10).
   Int:       It affects your intelligence (-2).
   rElec:     It insulates you from electricity.
   rPois:     It protects you from poison.
 I - the +0 pair of boots of the Hundredfold Dances (worn) {Int+9 Dex-4}
   (You found it on level 3 of the Depths)

   Int:       It affects your intelligence (+9).
   Dex:       It affects your dexterity (-4).
 Y - the +3 cloak of Noac (worn) {rC+ Will+ Int+3 Dex+2}
   (You found it on level 15 of the Dungeon)

   Int:       It affects your intelligence (+3).
   Dex:       It affects your dexterity (+2).
   rC:        It protects you from cold.
   Will:      It increases your willpower.
Jewellery
 d - a ring of see invisible
 g - the ring of Bodily Harmony (left hand) {Int+4 Dex+6 Stlth-}
   (You found it on level 5 of the Dungeon)

   [ring of dexterity]

   Int:       It affects your intelligence (+4).
   Dex:       It affects your dexterity (+6).
   Stlth:     It makes you less stealthy.
 A - a ring of positive energy
 J - the amulet "Loaxax" (around neck) {Faith rElec}
   (You found it on level 3 of the Depths)

   [amulet of faith]

   It allows you to gain divine favour quickly.
   rElec:     It insulates you from electricity.
 V - the ring of the Prince (right hand) {rPois rCorr Str+6 Dex+3 Stlth-}
   (You bought it in a shop on level 4 of the Dungeon)

   [ring of strength]

   Str:       It affects your strength (+6).
   Dex:       It affects your dexterity (+3).
   rPois:     It protects you from poison.
   rCorr:     It protects you from acid and corrosion.
   Stlth:     It makes you less stealthy.
Wands
 e - a wand of mindburst (51)
 h - a wand of digging (8)
 n - a wand of flame (126)
 u - a wand of charming (38)
 y - a wand of iceblast (29)
 E - a wand of acid (12)
 M - a wand of polymorph (3)
Scrolls
 f - 8 scrolls of vulnerability
 j - a scroll of enchant weapon
 k - 9 scrolls of fear
 m - 20 scrolls of teleportation
 v - 5 scrolls of butterflies
 F - 8 scrolls of poison
 N - 12 scrolls of magic mapping
 U - 10 scrolls of summoning
Potions
 c - 11 potions of magic
 i - 7 potions of might
 l - 5 potions of resistance
 o - a potion of mutation
 p - 20 potions of curing
 r - 8 potions of attraction
 B - 15 potions of lignification
 K - 6 potions of haste
 P - 2 potions of cancellation
 Q - a potion of ambrosia
 S - 14 potions of heal wounds
 T - 3 potions of invisibility
Miscellaneous
 t - a tin of tremorstones (2/2)
 w - a lightning rod (4/4)
 H - a box of beasts
 R - a phantom mirror


   Skills:
 - Level 20.0 Fighting
 - Level 14.0 Polearms
 * Level 1.3 Ranged Weapons
 - Level 1.7 Throwing
 - Level 15.1 Armour
 - Level 15.0 Dodging
 - Level 9.0 Spellcasting
 - Level 12.0 Conjurations
 - Level 12.0 Hexes
 + Level 13.8 Necromancy
 + Level 0.8 Translocations
 - Level 12.0 Transmutations
 - Level 5.0 Fire Magic
 - Level 9.0 Earth Magic
 - Level 9.0 Poison Magic
 - Level 15.0 Invocations
 - Level 9.0 Evocations


You had 11 spell levels left.
You knew the following spells:

 Your Spells              Type           Power      Damage    Failure   Level
a - Anguish               Hex/Necr       36%        N/A       1%          4
b - Blink                 Tloc           36%        N/A       5%          2
i - Ignite Poison         Fire/Tmut/Pois 59%        N/A       1%          3
o - Olgreb's Toxic Radia  Pois           60%        N/A       1%          4
r - Irradiate             Conj/Tmut      35%        3d23      1%          5
v - Borgnjor's Vile Clut  Necr/Erth      34%        N/A       1%          5
w - Wereblood             Tmut           70%        N/A       1%          2
y - Yara's Violent Unrav  Hex/Tmut       35%        3d14      1%          5

Your spell library contained the following spells:

 Spells                   Type           Power      Damage    Failure   Level
 Foxfire                  Conj/Fire      100%       2x1d9     1%          1
 Magic Dart               Conj           100%       1d8       1%          1
 Necrotise                Necr           100%       1d9       1%          1
 Sandblast                Erth           100%       2d20      1%          1
 Sting                    Tmut/Pois      100%       1d8       1%          1
 Ensorcelled Hibernation  Hex/Ice        94%        N/A       1%          2
 Passwall                 Tmut/Erth      54%        N/A       1%          2
 Poisonous Vapours        Pois/Air       78%        N/A       1%          2
 Scorch                   Fire           84%        2d9       1%          2
 Static Discharge         Conj/Air       47%        3-9/arc   1%          2
 Sublimation of Blood     Necr           76%        N/A       1%          2
 Conjure Flame            Conj/Fire      58%        6-21      1%          3
 Dazzling Flash           Conj/Hex       100%       N/A       1%          3
 Inner Flame              Hex/Fire       58%        N/A       1%          3
 Mephitic Cloud           Conj/Pois/Air  52%        N/A       1%          3
 Portal Projectile        Hex/Tloc       100%       N/A       1%          3
 Spider Form              Tmut/Pois      65%        N/A       1%          3
 Stone Arrow              Conj/Erth      100%       3d13      1%          3
 Summon Guardian Golem    Hex/Summ       47%        N/A       1%          3
 Tukima's Dance           Hex            70%        N/A       1%          3
 Vampiric Draining        Necr           76%        2d11      1%          3
 Dispel Undead            Necr           76%        3d25      1%          4
 Flame Wave               Conj/Fire      58%        2d14      1%          4
 Leda's Liquefaction      Hex/Erth       32%        N/A       1%          4
 Sticky Flame             Conj/Fire      58%        2d7       1%          4
 Agony                    Necr           76%        N/A       1%          5
 Alistair's Intoxication  Tmut/Pois      43%        N/A       1%          5
 Blade Hands              Tmut           35%        N/A       1%          5
 Iskenderun's Battlesphe  Conj           70%        2d12      1%          5
 Corpse Rot               Necr/Pois/Air  55%        N/A       2%          4
 Apportation              Tloc           36%        N/A       3%          1
 Iskenderun's Mystic Bla  Conj/Tloc      50%        2d11      3%          4
 Lee's Rapid Deconstruct  Erth           30%        3d17*     3%          5
 Hailstorm                Conj/Ice       47%        3d11      4%          4
 Ice Form                 Ice/Tmut       47%        N/A       4%          4
 Fireball                 Conj/Fire      29%        3d13      4%          5
 Freeze                   Ice            52%        1d7       5%          1
 Summon Small Mammal      Summ           52%        N/A       5%          1
 Call Imp                 Summ           13%        N/A       8%          2
 Animate Armour           Summ/Erth      78%        N/A       9%          4
 Gell's Gravitas          Tloc           18%        N/A       11%         3
 Lesser Beckoning         Tloc           18%        N/A       11%         3
 Teleport Other           Tloc           18%        N/A       11%         3
 Eringya's Noxious Bog    Tmut/Pois      32%        N/A       11%         6
 Iron Shot                Conj/Erth      32%        9d7       11%         6
 Statue Form              Tmut/Erth      43%        N/A       11%         6
 Silence                  Hex/Air        23%        N/A       12%         5
 Call Canine Familiar     Summ           13%        N/A       16%         3
 Frozen Ramparts          Ice            26%        1d4       16%         3
 Swiftness                Air            13%        N/A       16%         3
 Starburst                Conj/Fire      29%        6d9       24%         6
 Freezing Cloud           Conj/Ice/Air   18%        6-21      28%         5
 Orb of Destruction       Conj           35%        9d10      32%         7
 Passage of Golubria      Tloc           18%        N/A       36%         4
 Summon Ice Beast         Ice/Summ       13%        N/A       45%         4
 Summon Lightning Spire   Summ/Air       13%        N/A       45%         4
 Conjure Ball Lightning   Conj/Air       23%        3x3d6     56%         6
 Manifold Assault         Tloc           18%        N/A       71%         5
 Discord                  Hex            35%        N/A       94%         8
 Spellforged Servitor     Conj/Summ      23%        N/A       98%         7
 Dispersal                Tloc           9%         N/A       99%         6
 Lehudib's Crystal Spear  Conj/Erth      32%        10d8      99%         8
 Summon Cactus Giant      Summ           6%         N/A       100%        6
 Monstrous Menagerie      Summ           6%         N/A       100%        7
 Summon Hydra             Summ           6%         N/A       100%        7
 Disjunction              Tloc           9%         N/A       100%        8
 Ignition                 Fire           21%        3d8       100%        8
 Chain Lightning          Conj/Air       23%        3d31      100%        9
 Fire Storm               Conj/Fire      29%        8d7       100%        9
 Shatter                  Erth           30%        3d25*     100%        9
 Death Channel            Necr           Unusable   N/A       N/A         6

Dungeon Overview and Level Annotations

Branches:
Dungeon (15/15)            Temple (1/1) D:6            Lair (5/5) D:9
 Shoals (4/4) Lair:2        Snake (4/4) Lair:2        Slime (0/5) Lair:4
    Orc (2/2) D:11            Elf (3/3) Orc:2        Vaults (5/5) D:14
  Crypt (0/3) Vaults:3     Depths (4/4) D:15            Zot (1/5) Depths:4
Ossuary (visited)          Bailey (visited)

Altars:
Ashenzari
Cheibriados
Dithmenos
Fedhas
Gozag
Hepliaklqana
Kikubaaqudgha
Makhleb
Nemelex Xobeh
Okawaru
Qazlal
Ru
Sif Muna
Trog
Uskayaw
Vehumet
Wu Jian
Xom
Yredelemnul
Jiyva

Shops:
D:1 !   D:2 :   D:4 (=*   Orc:2 [*[!   Elf:2 !*!   Elf:3 [   Shoals:1 ?
Snake:2 *[[[   Snake:3 *(   Snake:4 :==   Vaults:1 (

Portals:
Hell: Depths:1 Depths:2 Depths:3 Depths:4
Abyss: Depths:3
Pandemonium: Depths:1 Depths:2
Ziggurat: Depths:2
Trove: D:12 (give +3 gold dragon scales)

Annotations:
D:12 3 runed translucent doors
Elf:1 5 transporters
Zot:1 Parghit


Innate Abilities, Weirdness & Mutations

You regenerate a lot of health from kills.
You are powered by pain.
Your magical and physical power is slightly enhanced at high health.
When seriously injured, your blood forms thick armour. (AC +9)
Your touch may irresistibly damage your foes and sap their willpower.
You are agile. (Dex +4, Str/Int -1)
Armour fits poorly on your strangely shaped body.
Your flesh is heat resistant. (rF+)
You are robust. (+10% HP)
You are resistant to electric shocks. (rElec)
You are weak. (Str -2)


Message History

Parghit is severely wounded.
Your moth of wrath zombie bites Parghit!
Parghit completely misses you. x2; Parghit claws you but does no damage.
You hit Parghit.
Parghit is heavily wounded.
Your moth of wrath zombie bites Parghit.
You strike the helpless Parghit from behind!
You puncture Parghit! You punch Parghit, but do no damage.
Parghit is severely wounded.
Your moth of wrath zombie closely misses Parghit.
Parghit bites you!
* * * LOW HITPOINT WARNING * * *
You focus on the pain.
You feel more agile all of a sudden. Parghit claws you!
* * * LOW HITPOINT WARNING * * *
Parghit claws you!!
* * * LOW HITPOINT WARNING * * *
You puncture Parghit! You burn Parghit.
Parghit is heavily wounded.
Your moth of wrath zombie bites Parghit but does no damage.
Your moth of wrath zombie bites Parghit.
Parghit bites you!
* * * LOW HITPOINT WARNING * * *
Parghit claws you but does no damage. x2
Blink to where?
Press: ? - help, Dir - move target
As you read the scroll of blinking, it crumbles to dust.
Your moth of wrath zombie bites Parghit!
Your moth of wrath zombie bites Parghit but does no damage.
Aiming: Corrosive Bolt
Press: ? - help, Shift-Dir - straight line, f - Parghit
Aim: Parghit, wearing +7 gold dragon scales and quivering large rocks (moderately wounded, weak-willed, ally target, 77% to hit)
The bolt of acid hits Parghit!
The acid corrodes Parghit!
Parghit is moderately wounded.
Your moth of wrath zombie bites Parghit!
Your moth of wrath zombie barely misses Parghit.
Parghit throws a large rock.
The large rock hits you!!
You die...
Your body rises from the dead as a mindless zombie.

#.....##.# #.#..PP #.....##.#
#.#.... ##########.....##+##
#.#.... ........###+##.....#
#.##... ........#
#.##.....####.##... ........#
#.##.....+.....'... ........#
#..#.....###..##...
.......Z####.#.....#....##...
.......T'...@#....)#.#####...
.......Z####.#.....#.# #...
........# #.'.....#.# #...
........# ###.....#.# #...
+####+### ####'##.######'#
#............ #....######..
####.# #.... #.# #.##.


You could see Parghit (weak-willed, corroded, ally target) and 2 friendly moth
of wrath zombies.

Vanquished Creatures
  A dread lich (Depths:3)
  An ancient lich (Vaults:5)
  2 juggernauts
  Bai Suzhen (Shoals:3)
  5 caustic shrikes (Depths:4)
  A caustic shrike (shapeshifter) (Vaults:5)
  4 golden dragons
  A bone dragon (Depths:4)
  Jorgrun (D:15)
  A tentacled monstrosity (Vaults:5)
  2 liches
  2 deep elf blademasters
  A walking earthen tome (Depths:2)
  2 quicksilver dragons
  A deep elf master archer (Elf:3)
  Polyphemus (Shoals:3)
  2 death cobs (Zot:1)
  A titan (Vaults:5)
  2 sphinxes
  9 tengu reavers
  5 shadow dragons
  A tentacled starspawn (Abyss:2)
  4 storm dragons
  Ilsuiw (Shoals:2)
  4 frost giants
  6 deep elf sorcerers
  3 fire giants
  Aizul (Snake:1)
  16 vault wardens
  2 draconian shifters (Depths:4)
  An orc warlord (Orc:1)
  15 ironbound preservers
  A curse skull (Depths:3)
  6 deep elf elementalists (Elf:3)
  A draconian annihilator (Depths:3)
  An iron dragon (Depths:4)
  5 ironbound thunderhulks
  11 stone giants
  6 war gargoyles
  A spectral stone giant (Vaults:5)
  8 very ugly things
  2 spriggan defenders
  6 deep elf demonologists
  2 green draconians (Depths:4)
  3 entropy weavers
  9 deep elf annihilators
  2 black draconians (Depths:4)
  11 dire elephants
  2 spark wasps
  6 spectral humans
  A crystal guardian (Vaults:4)
  A white draconian (Zot:1)
  4 deep elf death magi (Elf:3)
  13 ettins
  The ghost of Wekar the Whirler, a journeyman MiFi of Cheibriados (D:13)
  11 yaktaur captains
  8 merfolk impalers
  3 merfolk javelineers (Shoals:4)
  Josephine (D:11)
  2 fire dragons (Depths:4)
  7 deep elf high priests
  Erolcha (D:11)
  6 great orbs of eyes
  3 hydras
  5 boulder beetles
  Harold (D:11)
  7 peacekeepers
  5 ogre magi
  3 salamander tyrants (Snake:4)
  31 vault guards
  A rakshasa (Depths:1)
  4 spriggan air magi
  8 ice dragons
  3 centaur warriors
  7 ironbound frosthearts
  A death knight (D:15)
  7 anacondas
  3 naga warriors
  6 merfolk aquamancers
  7 two-headed ogres
  3 alligator snapping turtles (Shoals:4)
  4 deep troll shamans
  21 dancing weapons
  13 death yaks
  4 tengu warriors
  11 deep troll earth magi
  9 naga sharpshooters
  7 orc high priests (Orc:2)
  2 spriggan berserkers
  11 deep elf knights
  6 soul eaters
  Amaemon (D:8)
  4 shock serpents
  3 skeletal warriors (Vaults:3)
  5 salamander mystics
  A hell knight (Depths:2)
  A shadow wraith (Vaults:5)
  10 iron trolls
  52 deep trolls
  7 sea snakes
  2 glowing orange brains
  An orange crystal statue (Shoals:2)
  A flayed ghost (Depths:3)
  8 deep elf archers
  A spriggan rider (Depths:3)
  An obsidian statue (Lair:5)
  10 naga ritualists
  A swamp dragon (shapeshifter) (Depths:2)
  16 ironbound convokers
  5 necromancers
  3 orc knights
  A golden dragon skeleton (Vaults:3)
  25 deep elf pyromancers
  6 wizards
  9 mana vipers
  19 ugly things
  8 harpies
  8 lindwurms
  A fire giant zombie (Vaults:1)
  18 deep elf zephyrmancers
  4 cyclopes
  An oklob plant (Lair:5)
  A faun (shapeshifter) (Vaults:5)
  A faun (Shoals:3)
  A shadow dragon skeleton (Vaults:3)
  4 orc sorcerers
  A large abomination (Abyss:2)
  A sphinx skeleton (Vaults:3)
  10 manticores
  13 salamanders
  3 moths of wrath (Zot:1)
  13 elephants
  A stone giant skeleton (Vaults:3)
  38 black mambas
  11 merfolk sirens
  12 vault sentinels
  An eye of devastation (shapeshifter) (Vaults:5)
  5 guardian serpents (Snake:4)
  4 naga magi
  6 water nymphs
  3 smoke demons
  8 human skeletons
  A rust devil (Depths:1)
  2 cane toads (shapeshifter) (D:13)
  3 orange demons
  An unseen horror (D:11)
  A hellion (Depths:1)
  A gargoyle (D:12)
  2 dire elephant skeletons (Lair:5)
  5 cane toads
  A kobold demonologist (D:14)
  A rime drake (Lair:2)
  9 komodo dragons
  A tengu conjurer (D:14)
  3 efreet
  30 yaktaurs
  An ancient zyme (Abyss:2)
  2 freezing wraiths
  A queen bee (shapeshifter) (Depths:2)
  A yaktaur skeleton (Vaults:3)
  7 trolls
  A silent spectre (Depths:3)
  10 wind drakes
  21 merfolk
  10 slime creatures
  3 red devils (Depths:1)
  A hornet (Depths:3)
  A tarantella (shapeshifter) (D:13)
  An ettin zombie (Vaults:3)
  2 blink frogs (Lair:5)
  A spectral elephant (Lair:5)
  6 snapping turtles
  7 dream sheep
  A stone giant simulacrum (Vaults:1)
  A jumping spider (Vaults:4)
  2 ynoxinuls
  10 air elementals
  An ettin skeleton (Vaults:3)
  A spriggan (Depths:3)
  3 shadows
  A centaur simulacrum (D:15)
  A vampire (Abyss:2)
  8 wraiths
  28 water elementals
  3 fire elementals
  Eustachio (D:5)
  17 yaks
  5 wyverns
  A yak (shapeshifter) (D:11)
  A basilisk (Lair:2)
  14 humans (D:14)
  Grum (D:8)
  3 elf skeletons (Vaults:3)
  4 steam dragons
  A yaktaur simulacrum (Vaults:1)
  A neqoxec (D:13)
  A redback (shapeshifter) (Depths:2)
  3 redbacks (Vaults:4)
  6 vampire mosquitoes
  23 nagas
  5 wargs
  A naga (shapeshifter) (Vaults:5)
  A glowing shapeshifter zombie (Vaults:3)
  2 small abominations (Abyss:2)
  5 water moccasins
  Duvessa (D:4)
  A water moccasin (shapeshifter) (Vaults:5)
  A glowing shapeshifter skeleton (Vaults:3)
  33 orc warriors
  An ettin simulacrum (Vaults:4)
  A sky beast (D:7)
  4 black bears
  A meliai simulacrum (D:14)
  2 ice beasts
  A manticore zombie (Shoals:2)
  An ogre (shapeshifter) (Elf:2)
  An elephant skeleton (Lair:5)
  12 wolves
  2 centaurs
  6 ogres
  8 boggarts
  3 kobold brigands
  A yaktaur zombie (Vaults:5)
  4 necrophages
  A gnoll sergeant (D:11)
  3 scorpions (D:5)
  4 earth elementals (Elf:3)
  7 bullfrogs
  14 wights
  Dowan (D:4)
  14 killer bees
  7 howler monkeys
  7 starcursed masses (Abyss:2)
  5 hounds
  A jelly (D:4)
  A gnoll bouda (D:6)
  32 orc priests
  6 iguanas
  18 orc wizards
  2 hell rats (D:9)
  13 mummies (Ossuary)
  Robin (D:3)
  7 gnolls
  10 adders
  A river rat (D:9)
  3 white imps
  An ufetubus (D:5)
  4 orc zombies (Orc:2)
  A worm (D:3)
  2 dart slugs
  A worm (shapeshifter) (D:13)
  107 orcs
  7 ball pythons
  10 bats
  6 endoplasms
  2 giant cockroaches
  10 goblins
  21 hobgoblins
  4 jackals (D:1)
  2 quokkas (D:4)
  7 frilled lizards
  2 gnoll skeletons (Ossuary)
  3 goblin skeletons (Ossuary)
  22 kobolds
  2 kobold skeletons (Ossuary)
  An orc skeleton (Ossuary)
  10 rats
  11 rat skeletons (Ossuary)
  A bush (Lair:5)
  A starspawn tentacle (Abyss:2)
  4 tentacles (Shoals:3)
1582 creatures vanquished.

Vanquished Creatures (collateral kills)
  2 ancient liches (Vaults:5)
  Nikola (Vaults:2)
  2 golden dragons
  2 tentacled monstrosities
  3 quicksilver dragons
  A walking frostbound tome (Depths:2)
  A kraken (Shoals:3)
  2 sphinxes
  Agnes (D:15)
  3 tengu reavers
  A shadow dragon (Vaults:5)
  A storm dragon (Depths:4)
  Roxanne (D:15)
  A frost giant (Vaults:5)
  A deep elf sorcerer (Vaults:5)
  4 fire giants
  6 vault wardens
  A draconian shifter (Depths:3)
  8 ironbound preservers
  A deep elf elementalist (Elf:3)
  6 very ugly things
  A draconian annihilator (Depths:4)
  3 war gargoyles
  A stone giant (Depths:4)
  4 ironbound thunderhulks
  11 dire elephants
  The ghost of Xuokouwn the Blocker, a journeyman DsBe of Trog (D:15)
  A deep elf annihilator (Depths:3)
  An entropy weaver (Vaults:4)
  A spark wasp (Depths:3)
  A fire dragon (Depths:1)
  4 merfolk impalers
  2 crystal guardians (Vaults:4)
  2 merfolk javelineers
  4 ettins
  A great orb of eyes (Vaults:3)
  2 deep elf high priests (Elf:3)
  3 yaktaur captains
  2 boulder beetles
  5 salamander tyrants
  6 hydras
  An ice dragon (Depths:4)
  9 vault guards
  7 anacondas
  A catoblepas (Shoals:3)
  2 death knights (D:15)
  2 merfolk avatars
  5 merfolk aquamancers
  An alligator snapping turtle (Shoals:4)
  2 ironbound frosthearts
  6 two-headed ogres
  4 deep troll shamans
  A satyr (Shoals:2)
  3 naga warriors (Snake:4)
  3 deep troll earth magi
  2 shock serpents
  2 death yaks
  5 dancing weapons (Elf:2)
  2 naga sharpshooters
  A spectral death yak (Lair:5)
  A hell knight (Depths:4)
  A soul eater (Depths:3)
  6 deep elf knights
  A sixfirhy (Depths:1)
  2 iron trolls
  A skeletal warrior (D:15)
  A shadow wraith (Vaults:3)
  A salamander mystic (Snake:4)
  24 deep trolls
  3 naga ritualists
  A spectral anaconda (Lair:5)
  3 sea snakes
  5 ironbound convokers
  2 spectral humans (Vaults:5)
  An orc knight (D:15)
  3 lindwurms
  2 deep elf archers
  2 necromancers
  5 wizards
  5 deep elf pyromancers
  8 harpies
  A shadow dragon zombie (Vaults:5)
  12 ugly things
  5 mana vipers
  5 fauns
  12 manticores
  3 cyclopes
  5 deep elf zephyrmancers
  15 salamanders
  A guardian serpent (shapeshifter) (Depths:2)
  3 merfolk sirens
  12 elephants
  A vault sentinel (Vaults:2)
  11 black mambas
  5 naga magi
  5 water nymphs
  A dire elephant zombie (Lair:5)
  2 gargoyles
  A guardian serpent (Snake:4)
  A cane toad (Lair:2)
  A human zombie (Vaults:3)
  A rime drake (Lair:5)
  A komodo dragon (Lair:5)
  A freezing wraith (D:15)
  7 yaktaurs
  An efreet (D:14)
  A meliai (D:15)
  A polar bear (Lair:5)
  2 wind drakes
  3 slime creatures (Vaults:2)
  15 merfolk
  4 dream sheep
  6 snapping turtles
  2 blink frogs (Lair:5)
  A human simulacrum (Vaults:1)
  3 air elementals
  11 yaks
  A culicivora (shapeshifter) (D:13)
  6 humans
  23 water elementals
  2 wraiths (D:12)
  2 basilisks
  A fire elemental (Elf:3)
  4 redbacks
  2 neqoxecs
  2 wargs
  2 spectral cane toads (Lair:5)
  13 nagas
  3 water moccasins
  A glowing shapeshifter skeleton (Vaults:3)
  6 orc warriors
  An ogre (Vaults:5)
  A centaur (D:9)
  An elephant skeleton (Lair:5)
  A phantom (D:6)
  2 bullfrogs
  A necrophage (D:6)
  2 wights (D:9)
  A howler monkey (D:9)
  A howler monkey (shapeshifter) (D:13)
  4 orc priests (Orc:2)
  2 orc wizards
  An adder (D:6)
  A gnoll (D:6)
  A river rat (D:9)
  An ufetubus (Vaults:4)
  19 orcs
  A goblin (D:7)
  3 quokkas (D:9)
  5 bushes (Lair:5)
  A fungus (Lair:5)
  A plant (Depths:4)
523 creatures vanquished.

Vanquished Creatures (others)
  A spectral tengu (Vaults:4)
  A tengu reaver (Vaults:5)
  A fire giant (Depths:2)
  A spectral tentacled monstrosity (Vaults:5)
  4 caustic shrike zombies
  A spectral balrug (Elf:1)
  2 spectral fire giants
  A spectral frost giant (Vaults:1)
  3 very ugly thing zombies
  A spectral storm dragon (Vaults:5)
  2 quicksilver dragon zombies
  A spectral human (Depths:1)
  An ettin (Vaults:5)
  A spectral hydra (D:15)
  A spectral merfolk (Snake:4)
  A spectral orc (Shoals:3)
  A spectral ice dragon (Depths:1)
  A deep elf knight (Elf:2)
  A storm dragon zombie (Depths:2)
  4 anaconda zombies
  2 deep trolls
  A shadow dragon zombie (Vaults:5)
  4 spriggan zombies
  3 entropy weaver zombies
  2 sphinx zombies
  A deep elf archer (Elf:3)
  8 tengu zombies
  2 ugly thing zombies (Vaults:4)
  A deep elf zephyrmancer (Elf:3)
  A wolf spider (shapeshifter) (Vaults:5)
  A draconian zombie (Depths:4)
  A frost giant zombie (Vaults:5)
  2 stone giant zombies (Vaults:5)
  An ugly thing (Vaults:4)
  A centaur zombie (Vaults:3)
  3 dire elephant zombies (Vaults:2)
  3 shock serpent zombies (Snake:4)
  A death yak zombie (D:9)
  An unseen horror (shapeshifter) (Vaults:5)
  2 spectral soul eaters (Depths:3)
  An alligator snapping turtle zombie (Shoals:4)
  A black draconian zombie (Depths:4)
  4 sea snake zombies
  An iron troll zombie (Vaults:4)
  4 redback zombies
  2 hydra zombies (D:15)
  10 harpy zombies
  2 ice dragon zombies (Depths:3)
  9 ettin zombies
  3 guardian serpent zombies (Snake:4)
  A meliai zombie (D:15)
  9 black mamba zombies
  A water elemental (Shoals:1)
  A spectral orange demon (Depths:1)
  A slime creature zombie (Vaults:3)
  4 wind drake zombies
  33 human zombies
  22 merfolk zombies
  3 water nymph zombies
  28 deep troll zombies
  2 faun zombies
  6 two-headed ogre zombies
  A spectral smoke demon (Abyss:2)
  A spectral efreet (D:15)
  A hornet zombie (Depths:3)
  2 blink frog zombies (Lair:5)
  3 dream sheep zombies
  2 elephant zombies
  3 manticore zombies
  4 lindwurm zombies
  2 snapping turtle zombies (Shoals:4)
  A human (D:9)
  40 elf zombies
  4 vampire mosquito zombies
  A spectral ynoxinul (Abyss:2)
  10 salamander zombies
  23 yaktaur zombies
  A warg zombie (Orc:2)
  A polar bear zombie (Lair:5)
  2 troll zombies
  4 wolf zombies
  3 bullfrog zombies
  2 boggart zombies (D:14)
  6 killer bee zombies
  5 ogre zombies
  11 naga zombies
  2 hound zombies
  A howler monkey zombie (D:11)
  A steam dragon zombie (D:9)
  2 spectral white imps
  A gnoll zombie (D:6)
  80 orc zombies
  A spectral ufetubus (Vaults:4)
  2 bushes (Lair:5)
  30 fungi
  145 plants
  3 starspawn tentacles (Abyss:2)
  7 tentacles (Shoals:3)
  28 withered plants (Lair:5)
655 creatures vanquished.

Grand Total: 2760 creatures vanquished

Notes
Turn   | Place    | Note
-------+----------+-------------------------------------------
     0 | D:1      | porpoise the Demonspawn Gladiator began the quest for the
                  | Orb.
     0 | D:1      | Reached XP level 1. HP: 16/16 MP: 1/1
   304 | D:1      | Found Biqowaa's Distillery.
   383 | D:1      | Gained mutation: You sometimes gain a little power by
                  | taking damage. [demonic ancestry]
   383 | D:1      | Reached XP level 2. HP: 22/22 MP: 2/2
   974 | D:1      | Gained mutation: Your touch may inflict minor irresistible
                  | damage on your foes. [demonic ancestry]
   974 | D:1      | Reached XP level 3. HP: 26/28 MP: 3/3
  1124 | D:1      | Found a faded altar of an unknown god.
  2131 | D:2      | Found Tuisip's Book Emporium.
  2152 | D:2      | Learned a level 2 spell: Wereblood
  2195 | D:2      | Reached skill level 3 in Fighting
  2195 | D:2      | Gained mutation: You regenerate a little health from kills.
                  | [demonic ancestry]
  2195 | D:2      | Reached XP level 4. HP: 35/35 MP: 4/4
  2567 | D:3      | Noticed Robin
  2891 | D:3      | Killed Robin
  2946 | D:3      | Noticed a water moccasin
  2972 | D:3      | Killed a water moccasin
  2973 | D:3      | Reached skill level 5 in Polearms
  2973 | D:3      | Reached XP level 5. HP: 13/42 MP: 5/5
  3972 | D:4      | Noticed Dowan
  3977 | D:4      | Noticed Duvessa
  4215 | D:4      | Reached skill level 4 in Fighting
  4215 | D:4      | Gained mutation: You sometimes gain power by taking damage.
                  | [demonic ancestry]
  4215 | D:4      | Reached XP level 6. HP: 40/48 MP: 6/6
  4373 | D:4      | Found Jeghom's Weapon Shoppe.
  4418 | D:4      | Killed Duvessa
  4436 | D:4      | Killed Dowan
  4557 | D:4      | Gained mutation: You regenerate health from kills. [demonic
                  | ancestry]
  4557 | D:4      | Reached XP level 7. HP: 55/55 MP: 7/7
  4591 | D:4      | Found a burning altar of Makhleb.
  4735 | D:4      | Found Wylurumn's One-of-a-Kind Rings.
  4747 | D:4      | You fall into a shaft and drop 2 floors!
  4752 | D:6      | Found a staircase to the Ecumenical Temple.
  4774 | D:6      | Reached skill level 5 in Fighting
  4852 | Temple   | Entered the Ecumenical Temple
  4940 | Temple   | Became a worshipper of Yredelemnul the Dark
  5170 | D:6      | Reached * piety under Yredelemnul
  5171 | D:6      | Reached XP level 8. HP: 63/63 MP: 8/8
  5312 | D:6      | Reached skill level 6 in Fighting
  5423 | D:5      | Entered Level 5 of the Dungeon
  5764 | D:4      | Found Xaeblata's Elemental Accessories.
  6077 | D:5      | Noticed Eustachio
  6089 | D:5      | Killed Eustachio
  6299 | D:5      | Reached ** piety under Yredelemnul
  6300 | D:5      | Reached skill level 7 in Fighting
  6300 | D:5      | Gained mutation: You are powered by pain. [demonic
                  | ancestry]
  6300 | D:5      | Reached XP level 9. HP: 72/72 MP: 9/9
  6439 | D:5      | Reached skill level 1 in Invocations
  6501 | D:5      | Identified the ring of Bodily Harmony {Int+4 Dex+6 Stlth-}
  6671 | D:5      | Reached *** piety under Yredelemnul
  7245 | D:6      | Reached skill level 1 in Armour
  7349 | D:6      | Identified the +1 chain mail of Mubooxel {Dex+3}
  7458 | D:6      | Found a sacrificial altar of Ru.
  7830 | D:6      | Reached skill level 10 in Polearms
  7915 | D:6      | Found the +1 Delatra's gloves {ID++}
  8101 | D:7      | Found a sand-covered staircase.
  8117 | Ossuary  | Entered an ossuary
  8628 | D:7      | Found a flagged portal.
  8646 | Bailey   | Entered a bailey
  8993 | Bailey   | Reached skill level 5 in Invocations
  9158 | Bailey   | Gained mutation: When seriously injured, your blood forms
                  | armour. (AC +9) [demonic ancestry]
  9158 | Bailey   | Reached XP level 10. HP: 22/79 MP: 13/13
  9379 | Bailey   | Acquired 746 gold pieces
  9504 | D:7      | Found a sparkling altar of Nemelex Xobeh.
  9536 | D:7      | Reached skill level 5 in Armour
  9536 | D:7      | Reached skill level 5 in Dodging
  9536 | D:7      | Gained mutation: When seriously injured, your blood forms
                  | thick armour. (AC +9) [demonic ancestry]
  9536 | D:7      | Reached XP level 11. HP: 84/84 MP: 15/15
  9742 | D:4      | Bought the ring of the Prince {rPois rCorr Str+6 Dex+3
                  | Stlth-} for 634 gold pieces
 10654 | D:8      | Identified the +7 trident of Pihusogh {flame, Str+3 Int+4
                  | Dex+4}
 10803 | D:8      | Found a radiant altar of Vehumet.
 10834 | D:8      | Noticed Grum
 10839 | D:8      | Killed Grum
 10943 | D:8      | Noticed Amaemon
 10955 | D:8      | Killed Amaemon
 10968 | D:8      | Reached **** piety under Yredelemnul
 11128 | D:9      | Found a snail-covered altar of Cheibriados.
 11266 | D:9      | Noticed a death yak
 11267 | D:9      | Noticed a death yak
 11278 | D:9      | Killed a death yak
 11283 | D:9      | Killed a death yak
 11284 | D:9      | Noticed a death yak
 11298 | D:9      | Killed a death yak
 11322 | D:9      | Reached skill level 8 in Fighting
 11340 | D:9      | Found a staircase to the Lair.
 11429 | D:9      | Found a bloodstained altar of Trog.
 11526 | D:9      | Reached ***** piety under Yredelemnul
 11673 | D:9      | Found a hazy altar of Hepliaklqana.
 11674 | D:9      | Found a hide-covered altar of Uskayaw.
 11675 | D:9      | Found a stormy altar of Qazlal.
 11751 | D:9      | Reached ****** piety under Yredelemnul
 11804 | D:9      | Found an ancient bone altar of Kikubaaqudgha.
 11876 | Lair:1   | Entered Level 1 of the Lair of Beasts
 12212 | Lair:1   | Found a shimmering blue altar of Sif Muna.
 12399 | Lair:1   | Reached XP level 12. HP: 94/94 MP: 17/17
 12411 | Lair:1   | Noticed a boulder beetle
 12431 | Lair:1   | Killed a boulder beetle
 12941 | D:10     | Entered Level 10 of the Dungeon
 13019 | D:10     | Reached skill level 5 in Evocations
 13048 | D:10     | Noticed a two-headed ogre
 13053 | D:10     | Killed a two-headed ogre
 13201 | D:10     | Found a shimmering blue altar of Sif Muna.
 13387 | D:10     | Noticed a two-headed ogre
 13394 | D:10     | Killed a two-headed ogre
 14086 | D:11     | Reached skill level 9 in Fighting
 14093 | D:11     | Noticed Josephine
 14108 | D:11     | Killed Josephine
 14325 | D:11     | Noticed a boulder beetle
 14334 | D:11     | Killed a boulder beetle
 14608 | D:11     | Noticed Harold
 14630 | D:11     | Killed Harold
 14643 | D:11     | Noticed Erolcha
 14651 | D:11     | Noticed a two-headed ogre
 14655 | D:11     | Reached skill level 5 in Transmutations
 14657 | D:11     | Killed Erolcha
 14667 | D:11     | Killed a two-headed ogre
 14775 | D:11     | Found a staircase to the Orcish Mines.
 14813 | D:11     | Reached skill level 10 in Fighting
 15004 | D:11     | Noticed a boulder beetle
 15026 | D:11     | Killed a boulder beetle
 15460 | D:12     | Noticed a boulder beetle
 15463 | D:12     | Noticed a four-headed hydra
 15581 | D:12     | Gained mutation: Your touch may inflict irresistible damage
                  | on your foes. [demonic ancestry]
 15581 | D:12     | Reached XP level 13. HP: 104/104 MP: 18/18
 15654 | D:12     | Found a runed translucent gate.
 15654 | D:12     | Found a runed translucent gate.
 15654 | D:12     | Found a runed translucent gate.
 15800 | D:12     | Found a portal to a secret trove of treasure.
 16702 | Lair:1   | Acquired a ring of see invisible
 16729 | Lair:2   | Reached skill level 11 in Fighting
 17292 | Lair:2   | Found a staircase to the Shoals.
 17474 | Lair:2   | Found a staircase to the Snake Pit.
 18355 | Lair:3   | Reached skill level 5 in Spellcasting
 18474 | Lair:3   | Reached skill level 12 in Fighting
 19179 | Lair:4   | Found a viscous altar of Jiyva.
 19180 | Lair:4   | Found a staircase to the Slime Pits.
 19519 | Lair:4   | Acquired the +2 hat of True Grit {rElec rPois Str+10 Int-2}
 20484 | Lair:5   | Entered Level 5 of the Lair of Beasts
 20765 | Lair:5   | Learned a level 5 spell: Borgnjor's Vile Clutch
 20775 | Lair:5   | Reached XP level 14. HP: 115/115 MP: 21/21
 22665 | Lair:5   | Reached skill level 10 in Invocations
 23115 | D:13     | Reached skill level 1 in Necromancy
 23244 | D:13     | Found a runed translucent gate.
 23244 | D:13     | Found a runed translucent gate.
 23244 | D:13     | Found a runed translucent gate.
 23646 | D:13     | Reached XP level 15. HP: 115/120 MP: 20/23
 23646 | D:13     | Found a runed translucent gate.
 23646 | D:13     | Found a runed translucent gate.
 23648 | D:13     | Noticed a tentacled monstrosity
 23648 | D:13     | Noticed Wekar's ghost (journeyman MiFi)
 23655 | D:13     | Found a runed translucent gate.
 23677 | D:13     | Killed Wekar's ghost
 23683 | D:13     | Killed a tentacled monstrosity
 23715 | D:13     | Gained mutation: You are dopey. (Int -2) [mutagenic glow]
 23732 | D:13     | Gained mutation: You have hidden genetic defects.
                  | [mutagenic glow]
 23754 | D:13     | Lost mutation: You have hidden genetic defects. [potion of
                  | mutation]
 23754 | D:13     | Lost mutation: You are dopey. (Int -2) [potion of mutation]
 23754 | D:13     | Gained mutation: You are weak. (Str -2) [potion of
                  | mutation]
 23754 | D:13     | Gained mutation: Your flesh is heat resistant. (rF+)
                  | [potion of mutation]
 23754 | D:13     | Gained mutation: You have hidden genetic potential. [potion
                  | of mutation]
 23775 | D:14     | Gained mutation: You are robust. (+10% HP) [mutagenic glow]
 23916 | D:14     | Got the Disquisition on Assembling
 25038 | D:14     | Reached skill level 5 in Necromancy
 25268 | Abyss:2  | Cast into level 2 of the Abyss (a wizard)
 25403 | Abyss:2  | Noticed a tentacled starspawn
 25423 | Abyss:2  | Paralysed by accursed screaming for 1 turns
 25433 | Abyss:2  | Killed a tentacled starspawn
 25441 | Abyss:2  | Reached skill level 1 in Earth Magic
 25537 | D:14     | Escaped the Abyss
 25663 | D:14     | Found a gate to the Vaults.
 25938 | D:15     | Entered Level 15 of the Dungeon
 25961 | D:15     | Noticed Agnes
 25971 | D:15     | Killed Agnes
 26012 | D:15     | Your ally Agnes died
 26258 | D:15     | Acquired the +1 hat "Peules" {Will+ Regen+ Int+3}
 26280 | D:15     | Acquired the +14 crystal plate armour of Forking Paths {rN+
                  | Str+6}
 26292 | D:15     | Acquired 515 gold pieces
 26531 | D:15     | Identified Roxanne's Anthology of Evolution
 26531 | D:15     | Noticed Roxanne
 26536 | D:15     | Noticed Jorgrun
 26549 | D:15     | Killed Jorgrun
 26558 | D:15     | Killed Roxanne
 26751 | D:15     | Learned a level 5 spell: Irradiate
 26963 | D:15     | Found a runed translucent gate.
 26963 | D:15     | Found a runed translucent gate.
 26963 | D:15     | Found a runed translucent gate.
 26967 | D:15     | Noticed Xuokouwn's ghost (journeyman DsBe)
 27331 | D:15     | Found a staircase to the Depths.
 27351 | D:15     | Gained mutation: You regenerate a lot of health from kills.
                  | [demonic ancestry]
 27351 | D:15     | Reached XP level 16. HP: 111/139 MP: 25/25
 27599 | D:15     | Reached skill level 5 in Earth Magic
 27608 | D:15     | Killed Xuokouwn's ghost
 27652 | D:15     | Identified the +3 cloak of Noac {rC+ Will+ Int+3 Dex+2}
 27948 | Orc:1    | Entered Level 1 of the Orcish Mines
 28088 | Orc:1    | Gained mutation: You are resistant to electric shocks.
                  | (rElec) [hidden potential]
 28400 | Orc:2    | Entered Level 2 of the Orcish Mines
 28400 | Orc:2    | Found a staircase to the Elven Halls.
 28913 | Orc:2    | Reached skill level 10 in Armour
 29287 | Orc:2    | Found Udyap's Armour Boutique.
 29287 | Orc:2    | Found Umyer's Distillery.
 29301 | Orc:2    | Bought a potion of heal wounds for 80 gold pieces
 29301 | Orc:2    | Bought a potion of might for 64 gold pieces
 29327 | Orc:2    | Found Geaj's Antique Armour Boutique.
 29327 | Orc:2    | Found Heuhueha's General Store.
 29333 | Orc:2    | Bought a fading ring mail for 270 gold pieces
 29333 | Orc:2    | Identified the +1 ring mail "Tegalokkesch" {rC+ Str+2} (You
                  | bought it in a shop on level 2 of the Orcish Mines)
 29342 | Orc:2    | Bought a scroll of butterflies for 72 gold pieces
 29342 | Orc:2    | Bought a scroll of butterflies for 72 gold pieces
 29381 | Orc:2    | Bought the +4 ring mail of the Hidden Vale {Fly rC+} for
                  | 681 gold pieces
 29725 | Shoals:1 | Entered Level 1 of the Shoals
 29796 | Shoals:1 | Identified the +11 lajatang of Generosity {drain, Dex+3}
 29997 | Shoals:1 | Reached skill level 13 in Fighting
 30289 | Shoals:1 | Found Zouluxesm's Magic Scroll Shoppe.
 30297 | Shoals:1 | Bought a scroll of fear for 44 gold pieces
 30297 | Shoals:1 | Bought a scroll of amnesia for 44 gold pieces
 30297 | Shoals:1 | Bought a scroll of vulnerability for 44 gold pieces
 30631 | Shoals:2 | Noticed Ilsuiw
 30645 | Shoals:2 | Killed Ilsuiw
 31095 | Shoals:2 | Found a transporter.
 31119 | Shoals:2 | Found a transporter.
 31518 | Shoals:3 | Noticed Polyphemus
 31530 | Shoals:3 | Killed Polyphemus
 31547 | Shoals:3 | Reached skill level 14 in Fighting
 31644 | Shoals:3 | Reached XP level 17. HP: 135/152 MP: 26/26
 31695 | Shoals:3 | Gained mutation: You are agile. (Dex +4, Str/Int -1)
                  | [hidden potential]
 31695 | Shoals:3 | Lost mutation: You have hidden genetic potential. [hidden
                  | potential expressed]
 31746 | Shoals:3 | Noticed a kraken
 31761 | Shoals:3 | Killed a kraken
 31895 | Shoals:3 | Noticed Bai Suzhen
 31923 | Shoals:3 | Killed Bai Suzhen
 32723 | Shoals:4 | Entered Level 4 of the Shoals
 32746 | Shoals:3 | Reached skill level 15 in Fighting
 32786 | Shoals:4 | Reached skill level 1 in Conjurations
 32940 | Shoals:4 | Identified the ring of Lugiur {Wiz *Slow rN+ Dex+9}
 32985 | Shoals:4 | Identified the +6 whip of Chance {vorpal, Int+3 Dex-2 SInv
                  | Stlth+}
 32993 | Shoals:4 | Reached skill level 10 in Dodging
 33055 | Shoals:4 | Reached skill level 5 in Conjurations
 33227 | Shoals:4 | Paralysed by an air elemental for 1 turns
 33681 | Shoals:4 | Got a barnacled rune of Zot
 33684 | Shoals:4 | Got the Collected Works on Contamination
 33686 | Shoals:4 | Got Jeett's Discursus on Mortuary Clouds
 33692 | Shoals:4 | Learned a level 4 spell: Anguish
 34020 | Lair:1   | Upgraded the game from 0.29-a0-911-g88e6f02907 to
                  | 0.29-a0-919-gd064cfad1c
 34093 | Snake:1  | Entered Level 1 of the Snake Pit
 34185 | Snake:1  | Identified the +2 leather armour of the Intense Turtledove
                  | {Harm +Inv rC-}
 34286 | Snake:1  | Reached XP level 18. HP: 160/163 MP: 27/27
 34534 | Snake:1  | Found a burning altar of Makhleb.
 34536 | Snake:1  | Noticed Aizul
 34547 | Snake:1  | Killed Aizul
 35442 | Snake:2  | Found Enionak's Armour Emporium.
 35708 | Snake:2  | Found Keess's Armour Emporium.
 35940 | Snake:2  | Found Ziqom's General Store.
 35947 | Snake:2  | Found Xykepsad's Antique Armour Shop.
 37132 | Snake:3  | Found Wiarut's Weapon Boutique.
 37323 | Snake:3  | Found Huloru Terac's General Store.
 37355 | Snake:3  | Bought a potion of haste for 130 gold pieces
 37426 | Snake:4  | Entered Level 4 of the Snake Pit
 37438 | Snake:4  | Reached skill level 16 in Fighting
 37472 | Snake:4  | Found Noczumi's Jewellery Shoppe.
 37473 | Snake:4  | Found Juethruna's Book Boutique.
 37476 | Snake:4  | Found Jitz's Jewellery Shoppe.
 37486 | Snake:4  | Bought a Young Poisoner's Handbook for 300 gold pieces
 37491 | Snake:4  | Learned a level 4 spell: Olgreb's Toxic Radiance
 37495 | Snake:4  | Learned a level 3 spell: Ignite Poison
 38279 | Snake:4  | Got a serpentine rune of Zot
 38705 | Snake:4  | Reached skill level 15 in Invocations
 38711 | Snake:4  | Reached XP level 19. HP: 173/174 MP: 28/30
 39527 | Vaults:1 | Entered Level 1 of the Vaults
 39692 | Vaults:1 | Reached skill level 17 in Fighting
 40279 | Vaults:1 | Found Resisoyk's Weapon Shop.
 41041 | Vaults:1 | Identified the +4 trident of Cheibriados, Breathing {elec,
                  | rC+ rN+ Dex+2}
 41417 | Vaults:2 | Reached skill level 10 in Necromancy
 41450 | Vaults:2 | Noticed Nikola
 41457 | Vaults:2 | Killed Nikola
 41638 | Vaults:2 | Reached skill level 1 in Hexes
 41790 | Vaults:2 | Learned a level 5 spell: Yara's Violent Unravelling
 41958 | Vaults:2 | Noticed Sojobo
 41964 | Vaults:2 | Paralysed by an air elemental for 1 turns
 41985 | Vaults:2 | Paralysed by an air elemental for 1 turns
 41994 | Vaults:2 | Killed Sojobo
 41994 | Vaults:2 | Enslaved Sojobo
 42452 | Vaults:2 | Gained mutation: Your magical and physical power is
                  | slightly enhanced at high health. [demonic ancestry]
 42452 | Vaults:2 | Reached XP level 20. HP: 187/187 MP: 31/31
 42465 | Vaults:2 | Reached skill level 18 in Fighting
 43356 | Vaults:3 | Reached skill level 5 in Hexes
 44262 | Vaults:3 | Found a staircase to the Crypt.
 45257 | Vaults:4 | Reached skill level 1 in Poison Magic
 45590 | Vaults:4 | Reached skill level 1 in Fire Magic
 45810 | Vaults:4 | Gained mutation: Your touch may irresistibly damage your
                  | foes and sap their willpower. [demonic ancestry]
 45810 | Vaults:4 | Reached XP level 21. HP: 79/194 MP: 15/32
 45977 | Vaults:4 | Your ally Sojobo died
 46795 | Vaults:4 | Reached skill level 5 in Poison Magic
 46825 | Vaults:4 | Reached skill level 10 in Conjurations
 46830 | Vaults:4 | Reached skill level 10 in Hexes
 47291 | Depths:1 | Entered Level 1 of the Depths
 47304 | Depths:1 | Noticed a juggernaut
 47319 | Depths:1 | Killed a juggernaut
 47751 | Depths:1 | Reached skill level 5 in Fire Magic
 48014 | Depths:1 | Found a one-way gate leading to the halls of Pandemonium.
 48521 | Depths:1 | Found a gateway to Hell.
 48539 | Depths:1 | Identified the +1 chain mail of the Gravedigger {Dex+3}
 48696 | Depths:2 | Noticed a golden dragon
 48704 | Depths:2 | Killed a golden dragon
 49211 | Elf:1    | Entered Level 1 of the Elven Halls
 49225 | Elf:1    | Found a transporter.
 49230 | Elf:1    | Found a transporter.
 49246 | Elf:1    | Found a transporter.
 49246 | Elf:1    | Found a transporter.
 49539 | Elf:1    | Got the Tome of Production
 49552 | Elf:1    | Noticed Frances
 49563 | Elf:1    | Killed Frances
 49563 | Elf:1    | Enslaved Frances
 49914 | Elf:1    | Found a transporter.
 49918 | Elf:1    | Found a transporter.
 50102 | Elf:2    | Found Zuaxkon's Distillery.
 50104 | Elf:2    | Found Nuarig's Assorted Antiques.
 50106 | Elf:2    | Found Dixkel's Distillery.
 50162 | Elf:2    | Bought 2 potions of haste for 260 gold pieces
 50162 | Elf:2    | Bought a potion of haste for 130 gold pieces
 50162 | Elf:2    | Bought a potion of invisibility for 104 gold pieces
 50162 | Elf:2    | Bought a potion of heal wounds for 65 gold pieces
 50162 | Elf:2    | Bought a potion of berserk rage for 65 gold pieces
 50162 | Elf:2    | Bought a potion of haste for 130 gold pieces
 50164 | Elf:2    | Bought a potion of might for 132 gold pieces
 50166 | Elf:2    | Bought a potion of might for 48 gold pieces
 50566 | Elf:2    | Reached XP level 22. HP: 180/202 MP: 33/33
 50602 | Elf:2    | Found a huge runed translucent gate.
 50602 | Elf:2    | Found a huge runed translucent gate.
 50602 | Elf:2    | Found a huge runed translucent gate.
 50602 | Elf:2    | Found a huge runed translucent gate.
 50603 | Elf:2    | Found a huge runed translucent gate.
 51492 | Elf:3    | Entered Level 3 of the Elven Halls
 51701 | Elf:3    | Identified the +1 robe of the Cursing Gods {rElec rPois
                  | rN+}
 51773 | Elf:3    | Found Raxasi's Antique Armour Emporium.
 52045 | Elf:3    | Found the +3 crown of Dyrovepreva {rElec Int+2 SInv}
 52075 | Elf:3    | Identified the +6 chain mail "Meguymeh" {rPois rC+ Int-4}
 52160 | Elf:3    | HP: 8/202 [deep elf annihilator/crystal spear (89)]
 52222 | Elf:3    | Found the +18 shield of the Gong {rElec rN+ Will+ EV-5}
 52231 | Elf:3    | Identified the +10 plate armour "Nymabb" {-Cast rF+ Regen+
                  | Slay+6}
 52245 | Elf:3    | Identified the +6 scale mail "Jukkecwo" {rF+}
 52767 | Elf:3    | Identified the +7 shortbow "Ureshuy" {speed, Fly}
 52770 | Elf:3    | Got the Vellum of Shivering Air
 53636 | Depths:2 | Found a one-way gateway to a ziggurat.
 53935 | Depths:2 | Noticed a golden dragon
 53949 | Depths:2 | Reached skill level 10 in Transmutations
 53964 | Depths:2 | Killed a golden dragon
 54723 | Depths:3 | Upgraded the game from 0.29-a0-919-gd064cfad1c to
                  | 0.29-a0-923-g6e406bff71
 54822 | Depths:3 | Acquired 1215 gold pieces
 54828 | Depths:3 | Found a one-way gate to the infinite horrors of the Abyss.
 55073 | Depths:3 | Noticed a golden dragon
 55080 | Depths:3 | Killed a golden dragon
 55264 | Depths:3 | Found a runed door.
 55544 | Depths:3 | Noticed a dread lich
 55556 | Depths:3 | Killed a dread lich
 55557 | Depths:3 | Reached XP level 23. HP: 207/209 MP: 35/35
 55577 | Depths:3 | Identified the ring "Seymopt" {rC+ rN+}
 55586 | Depths:3 | Identified the +0 pair of boots of the Hundredfold Dances
                  | {Int+9 Dex-4}
 55605 | Depths:3 | Identified the amulet "Loaxax" {Faith rElec}
 56247 | Depths:3 | Found a radiant altar of Vehumet.
 56698 | Depths:4 | Entered Level 4 of the Depths
 57250 | Depths:4 | Noticed a caustic shrike
 57256 | Depths:4 | Noticed a caustic shrike
 57256 | Depths:4 | Noticed a caustic shrike
 57256 | Depths:4 | Noticed a caustic shrike
 57262 | Depths:4 | Killed a caustic shrike
 57266 | Depths:4 | Noticed a caustic shrike
 57267 | Depths:4 | Killed a caustic shrike
 57278 | Depths:4 | Killed a caustic shrike
 57285 | Depths:4 | Killed a caustic shrike
 57288 | Depths:4 | Killed a caustic shrike
 57563 | Depths:4 | Identified the amulet of the Equinox {Spirit *Slow Fragile
                  | rCorr Str+8}
 58051 | Depths:4 | Found a gate to the Realm of Zot.
 58294 | Depths:4 | Noticed a juggernaut
 58312 | Depths:4 | Killed a juggernaut
 58320 | Depths:4 | Reached skill level 19 in Fighting
 59310 | Vaults:5 | Entered Level 5 of the Vaults
 59583 | Vaults:5 | Gained mutation: Armour fits poorly on your strangely
                  | shaped body. [mutagenic glow]
 59586 | Vaults:5 | Noticed an ancient lich
 59586 | Vaults:5 | Noticed an ancient lich
 59597 | Vaults:5 | Killed an ancient lich
 59609 | Vaults:5 | Killed an ancient lich
 59640 | Vaults:5 | HP: 10/215 [golden dragon/bolt of cold (17)]
 59667 | Vaults:5 | Reached skill level 20 in Fighting
 59857 | Vaults:5 | Reached XP level 24. HP: 148/224 MP: 36/36
 60054 | Vaults:5 | Identified the quicksilver dragon scales of Intuition
                  | {Rampage rN+++ Will+ Str-5 Int-4}
 60230 | Vaults:5 | Noticed an ancient lich
 60239 | Vaults:5 | Killed an ancient lich
 60267 | Vaults:5 | Identified the +9 rapier of Kuaph {pain, Drain rPois Will+
                  | rCorr MP+9}
 60287 | Vaults:5 | Identified the +5 trident "Fent" {elec, rF+ Will+ Dex+4}
 60299 | Vaults:5 | Identified the ring "Poufoc" {Will+ rCorr Dex+4}
 60320 | Vaults:5 | Identified the +1 robe of the Game Afoot {rC+}
 60498 | Vaults:5 | Identified the +1 cloak of Tyciq {rF- MP+9 Int+4}
 60560 | Vaults:5 | Identified the +10 falchion "Kifurch" {elec, rF+ Int+4}
 60597 | Vaults:5 | Reached skill level 15 in Armour
 60598 | Vaults:5 | Reached skill level 15 in Dodging
 61233 | Vaults:5 | Found the +3 pair of seven-league boots {Rampage+∞}
 61251 | Vaults:5 | Got a silver rune of Zot
 61262 | Vaults:5 | Identified the +1 spear "Fecimu" {venom, Fly rN+}
 61633 | Vaults:5 | Identified the +7 trident of Distraction {speed, rPois}
 61657 | Vaults:5 | Learned a level 2 spell: Blink
 62695 | Zot:1    | Entered Level 1 of the Realm of Zot
 62920 | Zot:1    | Reached skill level 1 in Ranged Weapons
 63382 | Zot:1    | Noticed Parghit
 63407 | Zot:1    | Hit by a large rock thrown by Parghit

Illustrated notes

Levels and vault maps discovered:
D:1:      psy_arrival_spokes, layout_basic, basic_ecumenical_altar,
          serial_shops, nicolae_shop_temple_entry_statues_fountains
D:2:      layout_basic, serial_shops, shop
D:3:      layout_basic, uniq_robin
D:4:      layout_basic, mainiacjoe_overflow_chevrons, serial_shops, shop,
          minmay_misc_feat_hallway, fountainhead, nrook_campfire,
          nicolae_elemental_shop, nicolae_shop_unique_rings, uniq_duvessa
D:5:      layout_basic, tso_metal_star, uniq_eustachio
D:6:      layout_basic, general_overflow_altar, minmay_temple_entry_tees,
          st_stairs_11, pf_guarded_unrand_delatra
D:7:      layout_basic, mainiacjoe_overflow_catch_the_wave,
          nicolae_ossuary_entry_ruins, enter_bailey_4,
          hangedman_abyss_or_decor_stagger
D:8:      layout_rooms, kennysheep_little_box, uniq_amaemon, uniq_grum
D:9:      layout_long_grid, mainiacjoe_overflow_surrounded_room,
          mainiacjoe_overflow_alcove_4, tgw_kikubaaqudgha,
          chequers_temple_overflow_statue_of_worship, dpeg_lair_monsters
D:10:     layout_stronghold, lemuel_blue_sif_altar
D:11:     cheibrodos_orc_bank, layout_loops_corners, david_orc_3,
          uniq_josephine, uniq_erolcha, uniq_harold
D:12:     layout_cave_pools, nicolae_trove_entry_free_sample,
          ploomutoo_gammafunk_ghost_potion_laboratory
D:13:     layout_rooms, ploomutoo_gammafunk_ghost_potion_laboratory
D:14:     layout_basic, grunt_vaults_entry_tiered, minivault_23
D:15:     grunt_enter_depths_snipers, layout_small_grid,
          gammafunk_ghost_tricky_traps, minmay_increasing_density, uniq_agnes,
          uniq_roxanne, uniq_jorgrun
Temple:   dpeg_three_leaves_temple
Lair:1:   layout_hall_layers, basic_altar, chequers_serial_rivers_micro_e
Lair:2:   layout_misc_corridors, minmay_shoals_entry_lonely_mermaid,
          dummy_snake_entry, grunt_megastairs_2
Lair:3:   nzn_winding_woodlands_three_and_one
          [nzn_winding_woodlands_5x15_pathside_ponds,
          nzn_winding_woodlands_5x15_pool, nzn_winding_woodlands_5x15_crooked,
          nzn_winding_woodlands_center_lodge], layout_gridlike, serial_forest,
          infiniplex_forest_lined_2, infiniplex_forest_end_2,
          infiniplex_forest_diagonal, infiniplex_forest_straight_1,
          infiniplex_forest_straight_4, infiniplex_forest_clump_C,
          infiniplex_forest_zigzag_2, infiniplex_forest_straight_4
Lair:4:   layout_cave_pods, slime_entry_1
Lair:5:   due_jungle_book, layout_gridlike, minmay_lair_oklob_bushes,
          grunt_megastairs_4, infiniplex_staircase_pool_2
Shoals:1: layout_shoals, serial_shops, nicolae_shop_hallway_stairs
Shoals:2: gammafunk_sealed_arena, layout_shoals, uniq_ilsuiw
Shoals:3: layout_shoals, uniq_polyphemus, uniq_bai_suzhen
Shoals:4: shoals_end_hellmonk_storm_palace [storm_palace_center_square,
          storm_palace_corner_narrow, storm_palace_corner_pillars,
          storm_palace_corner_pillars, storm_palace_corner_pillars]
Snake:1:  layout_chambers, basic_altar, nicolae_snake_single_loop,
          grunt_ministairs_4, chequers_hall_statues_corner_a, uniq_aizul
Snake:2:  layout_cave_town, serial_shops, nicolae_shop_hallway_stairs,
          nicolae_square_shop, nicolae_take_the_stairs,
          nicolae_shop_advertising_works [nicolae_subvault_shop_adworks]
Snake:3:  layout_concentric_octagons, serial_shops, shop, shop
Snake:4:  grunt_snake_rune_pools, layout_rooms, nicolae_snake_double_loop,
          st_stairs_7, minmay_shop_grove
Orc:1:    layout_caves
Orc:2:    st_orc_town, layout_caves
Elf:1:    layout_gridlike, minmay_elf_demonology, serial_nicolae_subway,
          nicolae_sub_station_stone, nicolae_sub_station_crystal,
          nicolae_sub_station_metal, uniq_frances
Elf:2:    elven_hall_of_blades_hangedman_alternative
          [nicolae_blade_entry_floor_patterns], layout_loops_cross,
          minmay_shop_star
Elf:3:    minmay_elf_hall_x, layout_rooms, serial_shops, shop_statue
Vaults:1: ontoclasm_vaults_hangar, st_star, v_pattern_4,
          nicolae_vaults_little_squares_1, hangedman_vaults_trim,
          ontoclasm_vaults_decontamination, nicolae_vaults_little_ls,
          layout_vaults_omnigrid, serial_shops, nicolae_diamond_shop
Vaults:2: vaults_room_grunt_arrival_checkpoint, hangedman_vaults_stream,
          v_alt_pattern_6, nicolae_vaults_rhombus_5, vaults_mumra_hexcomb,
          ontoclasm_vaults_ring_large, v_misc_13, nicolae_vaults_alarming,
          nicolae_vaults_diagonal_hallway_8, layout_vaults_chaotic_city,
          uniq_nikola, uniq_sojobo
Vaults:3: ontoclasm_vaults_loading_screen, nicolae_vaults_hallways_thing,
          vaults_room_fancy_cross, minmay_crypt_entry_skeletal_spiral,
          vaults_room_door_hall, ontoclasm_vaults_chip,
          hangedman_vaults_stretched_pinwheel, vaults_dpeg_ring, v_rooms_1,
          grunt_vaults_hallway_long, nicolae_vaults_asterisk, v_pattern_5,
          vaults_room_pools, nicolae_vaults_little_squares_4, vaults_room_pool,
          layout_vaults_omnicross
Vaults:4: ontoclasm_vaults_misaligned, vaults_room_boxed,
          nicolae_vaults_twisting_passages, v_misc_15, dpeg_vaults_monster_row,
          nicolae_vaults_mini_display_case, vaults_room_octagon,
          nicolae_vaults_little_squares_1, nicolae_vaults_three_branches,
          vaults_room_corners, serial_ice_m, v_misc_17,
          layout_vaults_maze_snakey
Vaults:5
Depths:1: layout_forbidden_donut, lightli_too_deep, grunt_pan_entry_spiral,
          minmay_misc_feat_plants, elyvilon_altar_4, kennysheep_cross_landing
Depths:2: hangedman_arrow_trap, layout_gridlike, enter_ziggurat_c,
          chequers_serial_rivers_micro_b, pf_hell_entry_tar_spiral, pan_entry,
          onia_ninara_dug_in_and_dangerous
Depths:3: evilmike_wizard_prison, layout_gridlike, pf_coc_iceberg,
          chequers_serial_rivers_marsh, abyss_entry,
          nicolae_vehumet_altar_sigil, serial_bayou_shore_b,
          minmay_staircase_windowed_small
Depths:4: evilmike_zot_entry_round, layout_cave_pools, serial_bayou,
          serial_bayou_pond_e, serial_bayou_pond_b, serial_bayou_pond_a,
          serial_bayou_lagoon_a, nicolae_kite_square_tiling_tiny, hell_entry,
          feat_on_display
Zot:1:    layout_gridlike, uniq_parghit

Skill      XL: |  1  2  3  4  5  6  7  8  9 10 11 12 13 14 15 16 17 18 19 20 21 22 23 24 |
---------------+-------------------------------------------------------------------------+-----
Polearms       | 3 4 5 6 7 9 10 12 14 | 14.0
Fighting       | 3 4 5 7 8 10 12 14 15 16 17 18 20 | 20.0
Invocations    | 5 7 9 10 12 15 | 15.0
Armour         | 3 5 8 9 11 12 14 15 | 15.1
Dodging        | 5 7 9 11 12 14 15 | 15.0
Spellcasting   | 3 5 7 8 9 |  9.0
Transmutations | 4 6 7 9 11 12 | 12.0
Evocations     | 3 4 5 7 9 |  9.0
Necromancy     | 3 7 8 9 10 12 13 | 13.8
Earth Magic    | 4 7 8 9 |  9.0
Conjurations   | 6 7 8 9 11 12 | 12.0
Hexes          | 3 9 11 12 | 12.0
Poison Magic   | 3 7 9 |  9.0
Fire Magic     | 2 5 |  5.0
Ranged Weapons | 1 |  1.3
Throwing       | |  1.7
Translocations | |  0.8

Action                   |  1- 3 |  4- 6 |  7- 9 | 10-12 | 13-15 | 16-18 | 19-21 | 22-24 || total
-------------------------+-------+-------+-------+-------+-------+-------+-------+-------++-------
Melee: Trident           |   159 |   145 |   387 |   410 |   726 |  1271 |  1232 |       ||  4330
       Punch             |     4 |       |     1 |     7 |     5 |    18 |    24 |    22 ||    81
       Touch             |     9 |     8 |    42 |    51 |   134 |   202 |   330 |   238 ||  1014
       Demon trident     |       |       |       |       |       |       |   202 |  1134 ||  1336
 Fire: Sling             |       |    20 |       |     7 |       |       |       |       ||    27
Throw: Dart              |       |     3 |       |     5 |     2 |       |       |       ||    10
       Throwing net      |       |       |       |     1 |       |       |       |       ||     1
 Cast: Wereblood         |       |       |       |     1 |     1 |     4 |     9 |     5 ||    20
       Borgnjor's Vile C |       |       |       |       |       |       |       |     1 ||     1
       Irradiate         |       |       |       |       |       |       |       |     9 ||     9
       Olgreb's Toxic Ra |       |       |       |       |       |       |       |     1 ||     1
       Ignite Poison     |       |       |       |       |       |       |       |     1 ||     1
Invok: Recall Undead Har |       |       |       |       |     7 |     9 |    15 |    10 ||    41
       Bind Soul         |       |       |       |       |     2 |     2 |     8 |     3 ||    15
       Dark Bargain      |       |       |       |       |     1 |     3 |     4 |     3 ||    11
       Drain Life        |       |       |       |       |     1 |       |     2 |       ||     3
Evoke: Tin of tremorston |       |       |       |       |     1 |     2 |       |     3 ||     6
       Lightning rod     |       |       |       |       |       |     4 |     4 |     4 ||    12
       Wand              |       |       |       |       |       |     8 |     1 |     9 ||    18
       Condenser vane    |       |       |       |       |       |       |     1 |     2 ||     3
       Phial of floods   |       |       |       |       |       |       |       |     1 ||     1
  Use: Potion            |       |     8 |     3 |     1 |     3 |     9 |     4 |    13 ||    41
       Scroll            |       |     8 |     5 |     9 |    10 |     3 |     8 |    19 ||    62
 Stab: Invisible         |       |     5 |     3 |       |       |       |       |       ||     8
       Distracted        |       |       |     1 |     2 |    17 |    43 |    34 |    28 ||   125
       Held in net/web   |       |       |       |     1 |       |       |       |       ||     1
       Paralysed         |       |       |       |       |       |       |    20 |       ||    20
       Sleeping          |       |       |       |       |       |       |     1 |       ||     1
Armor: Leather armour    |    26 |       |       |       |       |       |       |       ||    26
       Ring mail         |     6 |    26 |    18 |       |       |   147 |   268 |   344 ||   809
       Chain mail        |       |       |    34 |    95 |    89 |       |       |       ||   218
       Crystal plate arm |       |       |       |       |    39 |   252 |    26 |       ||   317
Dodge: Dodged            |    91 |    86 |   146 |   116 |   227 |  1030 |  1101 |  1052 ||  3849

Table legend: (Time is in decaauts)
 A = Elapsed time spent in this place.
 B = Non-inter-level travel time spent in this place.
 C = Inter-level travel time spent in this place.
 D = Time resting spent in this place.
 E = Time spent auto-exploring this place.
 F = Levels seen in this place.
 G = Mean time per level.
                   A        B        C        D        E       F      G
               +--------+--------+--------+--------+--------+-----+--------+
         Total |  61306 |  55032 |   6274 |  14167 |  26875 |  47 | 1304.4 |
       Dungeon |  20744 |  17556 |   3188 |   5168 |   9020 |  15 | 1382.9 |
        Temple |     97 |     88 |      9 |      0 |     58 |   1 |   97.0 |
          Lair |   9153 |   8204 |    949 |   2353 |   2955 |   5 | 1830.6 |
        Shoals |   3648 |   3402 |    246 |    247 |   1959 |   4 |  912.0 |
     Snake Pit |   4899 |   4748 |    151 |   1301 |   2556 |   4 | 1224.8 |
  Orcish Mines |   1689 |   1439 |    250 |    256 |    723 |   2 |  844.5 |
   Elven Halls |   3311 |   2975 |    336 |    421 |   1601 |   3 | 1103.7 |
        Vaults |   9297 |   8541 |    756 |   2231 |   4282 |   5 | 1859.4 |
        Depths |   6345 |   5996 |    349 |   1567 |   3095 |   4 | 1586.2 |
           Zot |    721 |    686 |     35 |     35 |    594 |   1 |  721.0 |
         Abyss |    246 |    246 |      0 |     74 |      2 |   1 |  246.0 |
       Ossuary |    398 |    398 |      0 |     60 |     28 |   1 |  398.0 |
        Bailey |    752 |    752 |      0 |    453 |      0 |   1 |  752.0 |
               +--------+--------+--------+--------+--------+-----+--------+

Top non-repeatable levels by time:
  Lair:1: 3252 daAuts
Depths:3: 2429 daAuts
    D:14: 2331 daAuts
Vaults:4: 2207 daAuts
    D:15: 2053 daAuts
  Lair:5: 2003 daAuts
Vaults:3: 1909 daAuts
    D:11: 1775 daAuts
Vaults:5: 1765 daAuts
Vaults:1: 1718 daAuts
Vaults:2: 1695 daAuts
 Snake:4: 1615 daAuts
     D:5: 1536 daAuts
     D:6: 1503 daAuts
Depths:1: 1447 daAuts
